AoeStats
← kkkkkk

Arabia

509706288Analyzed
4v4 RM · 3d ago on Sep 27, 2026· 66m 27s· 8 players
Game mode
Random Map
Map size
Large (8 player)
Population
200
Speed
Normal
Resources
Standard
Victory
Conquest
Starting age
Dark Age
Ending age
Imperial Age
RankedLock teamsTeams togetherTeam positionsShared explorationLock speedFull tech treeHidden civsTurbo modeCheats
Victory
Defeat
🇺🇸 Ethiopians · United States
1005
+15
🇹🇷 Franks · Türkiye
963
+16
🇳🇱 Franks · Netherlands
853
+44
🇳🇱 Goths · Netherlands
835
+25
🇪🇸 Varangians · Spain
988
-55
🇳🇱 Teutons · Netherlands
980
-19
🇩🇪 Hindustanis · Germany
952
-18
🇮🇳 Berbers · India
951
-18
The_Marshall
0:27 Loom
10:51 Feudal Age
14:56 Man-at-Arms
22:30 Double-Bit Axe
26:23 Wheelbarrow
35:07 Castle Age
34:35 Bloodlines
34:33 Gold Mining
37:07 Husbandry
WAR_LORD
12:05 Feudal Age
13:15 Man-at-Arms
13:47 Horse Collar
13:54 Double-Bit Axe
15:14 Bloodlines
18:24 Scale Barding Armor
18:30 Forging
18:25 Scale Mail Armor
23:47 Castle Age
24:50 Chain Barding Armor
25:06 Iron Casting
FlyingDutch
10:35 Feudal Age
8:51 Loom
15:56 Castle Age
20:41 Double-Bit Axe
26:10 Bloodlines
27:07 Bow Saw
27:19 Scale Barding Armor
28:41 Gold Mining
Owen Knight
13:07 Feudal Age
24:22 Castle Age
23:38 Padded Archer Armor
23:27 Double-Bit Axe
24:52 Stone Mining
26:15 Stone Shaft Mining
28:25 Elite Skirmisher
roushdie
5:51 Loom
10:01 Feudal Age
10:50 Man-at-Arms
11:38 Double-Bit Axe
18:45 Forging
18:36 Scale Mail Armor
20:13 Gold Mining
25:22 Castle Age
23:17 Stone Mining
26:41 Bow Saw
27:11 Squires
26:31 Pikeman
26:33 Long Swordsman
28:45 Stone Shaft Mining
29:03 Iron Casting
28:44 Chain Mail Armor
30:17 Wheelbarrow
39:49 Imperial Age
39:52 Two-Handed Swordsman
40:02 Two-Handed Swordsman
42:07 Blast Furnace
40:55 Champion
42:25 Treadmill Crane
42:41 Murder Holes
46:13 Conscription
45:58 Perfusion
45:37 Sappers
45:28 Elite Huskarl
58:34 Bloodlines
Azog the Defiler
9:45 Feudal Age
22:43 Scale Barding Armor
22:50 Forging
25:55 Castle Age
43:07 Imperial Age
47:51 Light Cavalry
53:17 Cavalier
57:38 Paladin
58:19 Husbandry
62:52 Iron Casting
62:38 Chain Barding Armor
kkkkkk
10:16 Feudal Age
11:01 Double-Bit Axe
12:37 Fletching
12:47 Padded Archer Armor
20:24 Castle Age
18:58 Gold Mining
20:36 Crossbowman
22:13 Bodkin Arrow
25:27 Gold Shaft Mining
27:04 Leather Archer Armor
31:56 Bow Saw
40:02 Imperial Age
46:49 Conscription
ruiner328326
6:40 Loom
9:24 Feudal Age
10:16 Double-Bit Axe
21:26 Castle Age
20:26 Forging
20:23 Scale Barding Armor
51:58 Husbandry
Connection lost

Rejoining the realm…

Still unreachable

The connection could not be restored.

Session expired

The server has moved on; the page needs a fresh start.